 Dungeon Crawl Stone Soup version 0.27.1-3-gb3d3a73c9e (webtiles) character file.

Game seed: 1761369882557571752

10667 bearlyready the Thaumaturge (level 11, -19/86 HPs)
             Began as a Gnoll Warper on Oct 20, 2021.
             Was a Priest of Cheibriados.
             Demolished by Frances (29 damage)
             ... on level 12 of the Dungeon.
             The game lasted 00:27:27 (14482 turns).

bearlyready the Thaumaturge (Gnoll Warper)         Turns: 14482, Time: 00:27:27

Health: -19/86     AC: 17    Str: 21    XL:     11   Next: 65%
Magic:  19/23      EV: 20    Int: 21    God:    Cheibriados [***...]
Gold:   451        SH:  6    Dex: 20    Spells: 21/26 levels left

rFire    . . .     SeeInvis +   h - +9 demon whip (elec)
rCold    . . .     Faith    .   w - +0 buckler
rNeg     . . .     Spirit   .   P - +2 swamp dragon scales
rPois    +         Reflect  .   Q - +1 helmet
rElec    .         Harm     .   l - +0 cloak
rCorr    .         Rampage  .   E - +0 pair of gloves
Will     .....                  y - +0 pair of boots
Stlth    +++.......             (no amulet)
HPRegen  0.24/turn              d - ring of see invisible
MPRegen  0.18/turn              b - +4 ring of evasion

@: very slow
A: fangs 1, strong nose, distributed training
a: Renounce Religion, Bend Time, Temporal Distortion


You were on level 12 of the Dungeon.
You worshipped Cheibriados.
Cheibriados was most pleased with you.
You visited 2 branches of the dungeon, and saw 13 of its levels.

You collected 487 gold pieces.
You spent 36 gold pieces at shops.

Inventory:

Hand Weapons
 c - the +9 dagger "Qun Lirch" {vorpal, rElec rPois Will- Dex+8}
   (You found it on level 6 of the Dungeon)

   It inflicts extra damage upon your enemies.
   Dex:       It affects your dexterity (+8).
   rElec:     It insulates you from electricity.
   rPois:     It protects you from poison.
   Will:      It decreases your willpower.
 h - a +9 demon whip of electrocution (weapon)
 p - a +0 hunting sling
 t - a +0 hand crossbow
 G - a +0 dagger of venom
 T - a +0 morningstar
Missiles
 f - 331 stones
 q - 120 sling bullets
 S - 4 poisoned darts (quivered)
Armour
 l - a +0 cloak (worn)
 w - a +0 buckler (worn)
 y - a +0 pair of boots (worn)
 E - a +0 pair of gloves (worn)
 P - +2 swamp dragon scales (worn)
 Q - a +1 helmet (worn)
Jewellery
 b - a +4 ring of evasion (right hand)
 d - a ring of see invisible (left hand)
 A - a ring of positive energy
Wands
 r - a wand of flame (16)
 M - a wand of mindburst (9)
 O - a wand of iceblast (18)
Scrolls
 a - a scroll of amnesia {unknown}
 e - 3 scrolls of vulnerability
 s - 2 scrolls of enchant weapon
 u - 3 scrolls of teleportation
 x - a scroll of brand weapon
 B - a scroll of magic mapping {unknown}
 F - 2 scrolls of silence
 J - a scroll of torment {unknown}
 K - a scroll of holy word {unknown}
 L - a scroll of noise {unknown}
 N - a scroll of fog {unknown}
 U - 2 scrolls of summoning
Potions
 i - a potion of resistance
 k - 2 potions of attraction
 m - 2 potions of lignification
 n - 4 potions of curing
 o - a potion of heal wounds
 v - a potion of flight {unknown}
 z - a potion of haste {unknown}
 D - a potion of degeneration {unknown}
 H - a potion of ambrosia {unknown}
 R - a potion of cancellation {unknown}


   Skills:
 + Level 8.0 Fighting
 + Level 6.5 Short Blades
 + Level 6.5 Long Blades
 + Level 6.5 Axes
 + Level 8.0 Maces & Flails
 + Level 6.5 Polearms
 + Level 6.5 Staves
 + Level 6.5 Slings
 + Level 6.5 Bows
 + Level 6.5 Crossbows
 + Level 7.0 Throwing
 + Level 7.0 Armour
 + Level 8.0 Dodging
 + Level 6.5 Stealth
 + Level 6.5 Shields
 + Level 6.5 Unarmed Combat
 + Level 8.3 Spellcasting
 + Level 5.4 Conjurations
 + Level 5.4 Hexes
 + Level 5.4 Summonings
 + Level 5.4 Necromancy
 + Level 7.8 Translocations
 + Level 5.4 Transmutations
 + Level 5.4 Fire Magic
 + Level 5.4 Ice Magic
 + Level 5.4 Air Magic
 + Level 5.4 Earth Magic
 + Level 5.4 Poison Magic
 + Level 7.1 Invocations
 + Level 6.5 Evocations


You had 21 spell levels left.
You knew the following spells:

 Your Spells              Type           Power      Damage    Failure   Level
a - Blink                 Tloc           N/A        N/A       1%          2
b - Teleport Other        Tloc           41%        N/A       1%          3

Your spell library contained the following spells:

 Spells                   Type           Power      Damage    Failure   Level
 Magic Dart               Conj           100%       1d8       1%          1
 Call Imp                 Summ           31%        N/A       1%          2
 Gell's Gravitas          Tloc           20%        N/A       1%          3
 Lesser Beckoning         Tloc           20%        N/A       1%          3
 Portal Projectile        Hex/Tloc       72%        N/A       2%          3
 Mephitic Cloud           Conj/Pois/Air  31%        N/A       3%          3
 Stone Arrow              Conj/Erth      62%        3d10      3%          3
 Summon Guardian Golem    Hex/Summ       31%        N/A       3%          3
 Animate Armour           Summ/Erth      62%        N/A       13%         4
 Cause Fear               Hex            15%        N/A       13%         4
 Manifold Assault         Tloc           41%        N/A       13%         5
 Blade Hands              Tmut           15%        N/A       34%         5
 Bolt of Magma            Conj/Fire/Erth 15%        4d9       34%         5
 Excruciating Wounds      Necr           15%        N/A       34%         5
 Freezing Cloud           Conj/Ice/Air   15%        6-21      34%         5
 Iron Shot                Conj/Erth      15%        9d4       89%         6
 Simulacrum               Ice/Necr       15%        N/A       89%         6
 Dragon Form              Tmut           15%        N/A       100%        7
 Orb of Destruction       Conj           15%        9d7       100%        7
 Spellforged Servitor     Conj/Summ      15%        N/A       100%        7
 Dragon's Call            Summ           15%        N/A       100%        9
 Polar Vortex             Ice            15%        N/A       100%        9
 Shatter                  Erth           15%        3d15*     100%        9


Dungeon Overview and Level Annotations

Branches:
Dungeon (12/15)            Temple (1/1) D:6            Lair (0/6) D:10
    Orc (0/2) D:9

Altars:
Ashenzari
Cheibriados
Dithmenos
Elyvilon
Fedhas
Gozag
Hepliaklqana
Kikubaaqudgha
Makhleb
Nemelex Xobeh
Okawaru
Qazlal
Ru
Sif Muna
Trog
Uskayaw
Vehumet
Wu Jian
Xom
Yredelemnul
Zin
The Shining One

Shops:
D:1 !

Annotations:
D:12 Frances


Innate Abilities, Weirdness & Mutations

You have very sharp teeth.
Your uncanny sense of smell can sniff out nearby items.
Your experience applies equally to all skills.


Message History

You feel much better. The hellwing closely misses you.
You block the hellwing's attack. Frances hits you with a +0 glaive.
You barely miss Frances. Your bite misses Frances.
Frances is heavily wounded.
The hellwing closely misses you.
The hellwing hits you but does no damage.
You thrash Frances!! Lightning courses through Frances!!
You bite Frances, but do no damage.
Frances is severely wounded.
Frances screams a word of power!
Frances seems to speed up.
The sixfirhy hits you but does no damage.
The hellwing barely misses you. The hellwing hits you.
You hit Frances.
Frances is severely wounded.
The sixfirhy closely misses you. The sixfirhy hits you.
The sixfirhy shocks you!
* * * LOW HITPOINT WARNING * * *
Frances closely misses you. The sixfirhy closely misses you.
Okay, then.
Okay, then.
You feel much better. The sixfirhy closely misses you.
The sixfirhy completely misses you. Frances hits you with a +0 glaive!!
The hellwing hits you.
* * * LOW HITPOINT WARNING * * *
The hellwing hits you but does no damage.
Frances hits you with a +0 glaive!!
* * * LOW HITPOINT WARNING * * *
Okay, then.
Okay, then.
You warp the flow of time around you!
You feel much better.
Frances looks more healthy.
Frances mutters in a terrible tongue.
You hit Frances but do no damage.
Frances is severely wounded.
The hellwing disappears in a puff of smoke!
Frances hits you with a +0 glaive!!
* * * LOW HITPOINT WARNING * * *
Frances hits you with a +0 glaive!!
You die...

...####.##.....#
...# #.##.....#
...# #..'.....#
...# ####.....#
#+## ###'#####
#.....#
######'##
#...3@..#
#.?..§@.# ∆
#...34..#
#.....(>#
#.......#
#.......#
.'.......#
##.....(.#
#.......#


You could see Frances (fast), a rust devil (summoned), a sixfirhy (summoned) and
a neqoxec (summoned).

Vanquished Creatures
  A hydra (D:11)
  A boulder beetle (D:11)
  Pikel (D:7)
  Joseph (D:8)
  2 gargoyles
  Maggie (D:8)
  3 kobold demonologists (D:11)
  13 yaks
  Grum (D:8)
  A steam dragon (D:6)
  3 vampire mosquitoes (D:11)
  A warg (D:9)
  Duvessa (D:6)
  2 water moccasins
  The ghost of onlghost the Ducker, an amateur SpHu (D:4)
  An ice beast (D:8)
  4 orc warriors
  4 wolves
  The ghost of Icepheonix32 the Covered, an amateur DsFi (D:3)
  3 ogres
  3 centaurs
  A phantom (D:5)
  3 kobold brigands
  A gnoll sergeant (D:11)
  3 bullfrogs (D:7)
  Dowan (D:6)
  4 wights (D:8)
  7 howler monkeys
  6 centaur zombies
  A bullfrog skeleton (D:5)
  2 hounds
  2 jellies
  4 orc priests
  Ijyb (D:3)
  6 orc wizards
  Natasha (thrice) (D:2)
  5 iguanas
  A howler monkey zombie (D:7)
  7 gnolls
  9 adders
  2 white imps
  3 ufetubi
  An adder skeleton (D:4)
  3 worms
  3 dart slugs
  21 orcs
  10 endoplasms
  4 giant cockroaches
  6 goblins
  14 hobgoblins
  3 jackals (D:4)
  9 kobolds
  2 quokkas (D:1)
  10 ball pythons
  8 bats
  2 frilled lizards
  8 rats
225 creatures vanquished.

Vanquished Creatures (others)
  A scorpion (D:5)
1 creature vanquished.

Grand Total: 226 creatures vanquished

Notes
Turn   | Place    | Note
-------+----------+-------------------------------------------
     0 | D:1      | bearlyready the Gnoll Warper began the quest for the Orb.
     0 | D:1      | Reached XP level 1. HP: 20/20 MP: 6/6
   163 | D:1      | Reached XP level 2. HP: 19/26 MP: 7/7
   541 | D:1      | Reached skill level 5 in Spellcasting
   541 | D:1      | Reached XP level 3. HP: 31/31 MP: 7/9
   618 | D:1      | Learned a level 2 spell: Blink
   816 | D:1      | Found Enydgh's Distillery.
   820 | D:1      | Bought a potion of curing for 36 gold pieces
   978 | D:2      | Reached skill level 1 in Invocations
  1153 | D:2      | Reached skill level 1 in Short Blades
  1153 | D:2      | Reached skill level 1 in Long Blades
  1153 | D:2      | Reached skill level 1 in Axes
  1153 | D:2      | Reached skill level 1 in Polearms
  1153 | D:2      | Reached skill level 1 in Staves
  1153 | D:2      | Reached skill level 1 in Slings
  1153 | D:2      | Reached skill level 1 in Bows
  1153 | D:2      | Reached skill level 1 in Crossbows
  1153 | D:2      | Reached skill level 1 in Stealth
  1153 | D:2      | Reached skill level 1 in Shields
  1153 | D:2      | Reached skill level 1 in Unarmed Combat
  1153 | D:2      | Reached skill level 1 in Evocations
  1421 | D:2      | Reached XP level 4. HP: 35/38 MP: 11/11
  1438 | D:2      | Noticed Natasha
  1451 | D:2      | Killed Natasha
  1585 | D:2      | Reached skill level 1 in Conjurations
  1585 | D:2      | Reached skill level 1 in Hexes
  1585 | D:2      | Reached skill level 1 in Summonings
  1585 | D:2      | Reached skill level 1 in Necromancy
  1585 | D:2      | Reached skill level 1 in Transmutations
  1585 | D:2      | Reached skill level 1 in Fire Magic
  1585 | D:2      | Reached skill level 1 in Ice Magic
  1585 | D:2      | Reached skill level 1 in Air Magic
  1585 | D:2      | Reached skill level 1 in Earth Magic
  1585 | D:2      | Reached skill level 1 in Poison Magic
  1706 | D:2      | Found a bloodstained altar of Trog.
  1885 | D:2      | Noticed Natasha
  1893 | D:2      | Killed Natasha
  1894 | D:2      | Reached XP level 5. HP: 42/43 MP: 12/12
  1992 | D:2      | Noticed Natasha
  1998 | D:2      | Killed Natasha
  2640 | D:3      | Found a broken altar of Ashenzari.
  2916 | D:3      | Found a transporter.
  2920 | D:3      | Noticed Icepheonix32's ghost (amateur DsFi)
  2939 | D:3      | Found a transporter.
  3186 | D:4      | Noticed Ijyb
  3209 | D:3      | Killed Ijyb
  3609 | D:4      | Reached XP level 6. HP: 17/50 MP: 13/13
  4331 | D:4      | Found a transporter.
  4333 | D:4      | Noticed onlghost's ghost (amateur SpHu)
  4429 | D:4      | Found a transporter.
  4689 | D:5      | Entered Level 5 of the Dungeon
  4705 | D:5      | Reached skill level 5 in Fighting
  4705 | D:5      | Reached skill level 5 in Maces & Flails
  4705 | D:5      | Reached skill level 5 in Dodging
  4868 | D:5      | Noticed a water moccasin
  4871 | D:5      | Killed a water moccasin
  4872 | D:5      | Reached XP level 7. HP: 51/56 MP: 15/15
  5883 | D:6      | Noticed a steam dragon
  5885 | D:6      | Killed a steam dragon
  5886 | D:6      | Reached XP level 8. HP: 63/63 MP: 16/16
  5903 | D:6      | Learned a level 3 spell: Teleport Other
  5918 | D:6      | Noticed Dowan
  6058 | D:6      | Killed Dowan
  6355 | D:6      | Found a staircase to the Ecumenical Temple.
  6393 | Temple   | Entered the Ecumenical Temple
  6425 | Temple   | Became a worshipper of Cheibriados the Contemplative
  6583 | D:6      | Noticed Duvessa
  6839 | D:6      | Killed Duvessa
  7746 | D:6      | Found a bloodstained altar of Trog.
  7799 | D:6      | Identified the +9 dagger "Qun Lirch" {vorpal, rElec rPois
                  | Will- Dex+8}
  7888 | D:6      | Found a sacrificial altar of Ru.
  7888 | D:6      | Found a radiant altar of Vehumet.
  7992 | D:7      | Found a stormy altar of Qazlal.
  7994 | D:7      | Noticed a water elemental
  7995 | D:7      | Noticed an air elemental
  8539 | D:7      | Found an iron altar of Okawaru.
  8715 | D:7      | Noticed a yak
  8715 | D:7      | Noticed a yak
  8716 | D:7      | Noticed a yak
  8716 | D:7      | Noticed a yak
  8716 | D:7      | Noticed a yak
  8716 | D:7      | Noticed a yak
  8751 | D:6      | Killed a yak
  8752 | D:6      | Reached XP level 9. HP: 34/69 MP: 18/18
  9225 | D:7      | Reached * piety under Cheibriados
  9246 | D:7      | Reached skill level 5 in Throwing
  9246 | D:7      | Reached skill level 5 in Armour
  9837 | D:7      | Noticed Pikel
  9881 | D:7      | Killed Pikel
  9882 | D:7      | Reached skill level 5 in Invocations
 10161 | D:8      | Noticed Grum
 10246 | D:7      | Reached XP level 10. HP: 37/77 MP: 20/20
 10614 | D:3      | Killed Icepheonix32's ghost
 10712 | D:4      | Killed onlghost's ghost
 10713 | D:4      | Reached skill level 5 in Short Blades
 10713 | D:4      | Reached skill level 5 in Long Blades
 10713 | D:4      | Reached skill level 5 in Axes
 10713 | D:4      | Reached skill level 5 in Polearms
 10713 | D:4      | Reached skill level 5 in Staves
 10713 | D:4      | Reached skill level 5 in Slings
 10713 | D:4      | Reached skill level 5 in Bows
 10713 | D:4      | Reached skill level 5 in Crossbows
 10713 | D:4      | Reached skill level 5 in Stealth
 10713 | D:4      | Reached skill level 5 in Shields
 10713 | D:4      | Reached skill level 5 in Unarmed Combat
 10713 | D:4      | Reached skill level 5 in Evocations
 10877 | D:8      | Noticed Joseph
 10878 | D:8      | Killed Joseph
 10945 | D:8      | Killed Grum
 11254 | D:8      | Noticed Maggie
 11259 | D:8      | Killed Maggie
 11376 | D:8      | Reached ** piety under Cheibriados
 11882 | D:9      | Found a staircase to the Orcish Mines.
 12496 | D:9      | Reached XP level 11. HP: 75/84 MP: 22/22
 12753 | D:10     | Entered Level 10 of the Dungeon
 12863 | D:10     | Noticed a death yak
 12864 | D:10     | Found a staircase to the Lair.
 12864 | D:10     | Noticed a death yak
 12864 | D:10     | Noticed a death yak
 12864 | D:10     | Noticed a death yak
 12865 | D:10     | Noticed a death yak
 12867 | D:10     | Noticed a death yak
 12874 | D:10     | Noticed a death yak
 12882 | D:10     | Reached *** piety under Cheibriados
 13060 | D:11     | Reached skill level 5 in Conjurations
 13060 | D:11     | Reached skill level 5 in Hexes
 13060 | D:11     | Reached skill level 5 in Summonings
 13060 | D:11     | Reached skill level 5 in Necromancy
 13060 | D:11     | Reached skill level 5 in Transmutations
 13060 | D:11     | Reached skill level 5 in Fire Magic
 13060 | D:11     | Reached skill level 5 in Ice Magic
 13060 | D:11     | Reached skill level 5 in Air Magic
 13060 | D:11     | Reached skill level 5 in Earth Magic
 13060 | D:11     | Reached skill level 5 in Poison Magic
 13160 | D:11     | Noticed a sixfirhy
 13735 | D:11     | Noticed a seven-headed hydra
 13747 | D:11     | Killed a seven-headed hydra
 13780 | D:11     | Noticed a boulder beetle
 13803 | D:11     | Killed a boulder beetle
 14380 | D:12     | Identified a scroll of acquirement
 14384 | D:12     | Acquired a +3 demon whip of electrocution
 14465 | D:12     | Noticed Frances
 14475 | D:12     | Noticed a sixfirhy
 14480 | D:12     | HP: 2/86 [Frances (23)]
 14482 | D:12     | Demolished by Frances

Illustrated notes

Levels and vault maps discovered:
D:1:      minmay_arrival_shattered_statue, layout_loops_ring, serial_shops, shop
D:2:      layout_loops_ring, basic_altar, minmay_parallelograms,
          serial_bayou_pond_a, uniq_natasha
D:3:      layout_loops_ring, mainiacjoe_overflow_concentric_impassable,
          gammafunk_ghost_arena, small_statue_alley_b,
          small_statue_intersection, kennysheep_cluttered_room
D:4:      layout_loops_ring, gammafunk_ghost_arena, minmay_quadrilaterals,
          uniq_ijyb
D:5:      layout_rooms, hangedman_decor_push, lemuel_flame_loot_1
D:6:      layout_basic, gammafunk_temple_overflow_statue, bloody_trog,
          minmay_temple_entry_proselytizer, uniq_duvessa
D:7:      layout_basic, nicolae_qazlal_style_of_elements, okawaru_trees_1,
          uniq_pikel
D:8:      layout_gridville, uniq_joseph, uniq_maggie, uniq_grum
D:9:      layout_stronghold, david_orc_3
D:10:     layout_irregular_city, dpeg_lair_monsters, kennysheep_cross_bottleneck
D:11:     layout_basic
D:12:     layout_roguey, kennysheep_generic_room_10, uniq_frances
Temple:   lightli_temple_of_artemis

Skill      XL: |  1  2  3  4  5  6  7  8  9 10 11 |
---------------+----------------------------------+-----
Spellcasting   | 5 6 7 8 |  8.3
Invocations    | 1 2 3 4 5 6 7 |  7.1
Short Blades   | 1 2 3 4 5 6 |  6.5
Long Blades    | 1 2 3 4 5 6 |  6.5
Axes           | 1 2 3 4 5 6 |  6.5
Polearms       | 1 2 3 4 5 6 |  6.5
Staves         | 1 2 3 4 5 6 |  6.5
Slings         | 1 2 3 4 5 6 |  6.5
Bows           | 1 2 3 4 5 6 |  6.5
Crossbows      | 1 2 3 4 5 6 |  6.5
Stealth        | 1 2 3 4 5 6 |  6.5
Shields        | 1 2 3 4 5 6 |  6.5
Unarmed Combat | 1 2 3 4 5 6 |  6.5
Evocations     | 1 2 3 4 5 6 |  6.5
Conjurations   | 1 2 3 4 5 |  5.4
Hexes          | 1 2 3 4 5 |  5.4
Summonings     | 1 2 3 4 5 |  5.4
Necromancy     | 1 2 3 4 5 |  5.4
Transmutations | 1 2 3 4 5 |  5.4
Fire Magic     | 1 2 3 4 5 |  5.4
Ice Magic      | 1 2 3 4 5 |  5.4
Air Magic      | 1 2 3 4 5 |  5.4
Earth Magic    | 1 2 3 4 5 |  5.4
Poison Magic   | 1 2 3 4 5 |  5.4
Throwing       | 3 4 5 6 7 |  7.0
Armour         | 3 4 5 6 7 |  7.0
Fighting       | 5 6 7 8 |  8.0
Maces & Flails | 5 6 7 8 |  8.0
Dodging        | 5 6 7 8 |  8.0
Translocations | 6 7 |  7.8

Action                   |  1- 3 |  4- 6 |  7- 9 | 10-12 || total
-------------------------+-------+-------+-------+-------++-------
Melee: Mace              |   124 |   227 |   163 |       ||   514
       Bite              |     5 |    16 |    44 |    82 ||   147
       Punch             |       |       |     7 |     8 ||    15
       Rapier            |       |       |    51 |    36 ||    87
       Dagger            |       |       |   188 |   347 ||   535
       Whip              |       |       |    24 |       ||    24
       Demon whip        |       |       |       |     9 ||     9
 Fire: Hunting sling     |       |       |     4 |       ||     4
Throw: Dart              |     1 |    10 |     2 |     2 ||    15
       Throwing net      |       |     1 |     1 |       ||     2
       Stone             |       |     6 |     2 |       ||     8
       Boomerang         |       |       |     5 |       ||     5
 Cast: Teleport Other    |       |       |    10 |       ||    10
Invok: Temporal Distorti |       |       |       |     1 ||     1
Evoke: Wand              |       |     3 |    20 |    12 ||    35
  Use: Potion            |       |     3 |     1 |     3 ||     7
       Scroll            |       |       |     3 |    17 ||    20
 Stab: Sleeping          |     1 |     3 |       |     7 ||    11
       Held in net/web   |       |       |     1 |       ||     1
Armor: Leather armour    |    42 |    26 |       |       ||    68
       Ring mail         |       |    10 |       |       ||    10
       Scale mail        |       |    77 |   154 |    34 ||   265
       Swamp dragon scal |       |       |       |    90 ||    90
Dodge: Dodged            |    97 |   156 |   249 |   350 ||   852
Block: Buckler           |       |       |       |    72 ||    72
